 Dungeon Crawl Stone Soup version 0.31.0-32-g396128a36d (webtiles) character file.

Game seed: 11230826852317991928

1778 Schattenjager the Magician (level 9, -1/85 HPs)
             Began as an Oni Fire Elementalist on Apr 6, 2024.
             Slain by a hornet (12 damage)
             ... on level 6 of the Dungeon.
             The game lasted 01:47:16 (4657 turns).

Schattenjager the Magician (Oni Fire Elementalist)  Turns: 4657, Time: 01:47:18

Health: -1/85      AC:  3    Str: 14    XL:     9   Next: 8%
Magic:  12/18      EV:  9    Int: 20    God:
Gold:   330        SH:  0    Dex:  9    Spells: 11/20 levels left

rFire   . . .        E - +2 whip (holy)
rCold   . . .        (no shield)
rNeg    . . .        a - +0 robe
rPois   .            (helmet restricted)
rElec   .            (no cloak)
rCorr   .            (gloves unavailable)
SInv    .            (boots unavailable)
Will    .....        f - amulet of regeneration
Stlth   +            (no ring)
HPRegen 1.14/turn    (no ring)
MPRegen 0.16/turn

%: no passive effects
@: lethally poisoned (-1 -> -2), slowed, very slow
A: large, unfitting armour, horns 1, tough skin 1, double potion healing,
drunken brawling
a: no special abilities


You were on level 6 of the Dungeon.
You visited 1 branch of the dungeon, and saw 6 of its levels.

You collected 330 gold pieces.

Inventory:

Hand Weapons
 E - a +2 whip of holy wrath (weapon)
Missiles
 d - 13 poisoned darts
 e - 2 atropa-tipped darts
 g - 11 boomerangs
 h - 66 stones
Armour
 a - a +0 robe (worn)
Jewellery
 f - an amulet of regeneration (around neck)
 w - an amulet of faith
Wands
 b - a wand of light (10)
 v - a wand of polymorph (11)
 y - a wand of charming (15)
Scrolls
 c - a scroll of identify
 i - 2 scrolls of amnesia
 k - a scroll of acquirement {unknown}
 m - a scroll of vulnerability {unknown}
 q - a scroll of blinking {unknown}
 r - a scroll of fog {unknown}
 s - 3 scrolls of revelation {unknown}
 u - a scroll of brand weapon
 x - a scroll of enchant weapon {unknown}
 C - a scroll of teleportation {unknown}
Potions
 l - a potion of berserk rage
 n - 3 potions of lignification
 o - 2 potions of ambrosia
 p - a potion of attraction
 t - a potion of enlightenment
 z - 2 potions of heal wounds {unknown}
 A - 3 potions of invisibility
 B - a potion of haste {unknown}
 D - a potion of mutation {unknown}


   Skills:
 - Level 4.7 Fighting
 - Level 1.8 Dodging
 - Level 1.4 Stealth
 - Level 6.3 Spellcasting
 - Level 1.2 Conjurations
 - Level 4.9 Hexes
 - Level 4.8 Translocations
 + Level 5.0 Fire Magic
 - Level 0.1 Alchemy


You had 11 spell levels left.
You knew the following spells:

 Your Spells              Type           Power      Damage    Failure   Level
a - Foxfire               Conj/Fire      72%        2x1d7     2%          1
b - Scorch                Fire           52%        2d7       1%          2
c - Volatile Blastmotes   Fire/Tloc      52%        2d14      4%          3
d - Inner Flame           Hex/Fire       26%        N/A       3%          3

Your spell library contained the following spells:

 Spells                   Type           Power      Damage    Failure   Level
 Stone Arrow              Conj/Erth      16%        3d8       24%         3
 Flame Wave               Conj/Fire      18%        2d7       28%         4
 Animate Armour           Summ/Erth      12%        N/A       69%         4
 Lehudib's Crystal Spear  Conj/Erth      4%         10d3      100%        8


Dungeon Overview and Level Annotations

Branches:
Dungeon (6/15)
 Temple: D:4-7

Altars:
Hepliaklqana
Vehumet

Shops:
D:4 :   D:5 *   D:6 :


Innate Abilities, Weirdness & Mutations

You are too large for most types of armour.
You have a pair of small horns on your head.
You have tough skin. (AC +1)
You gain doubled healing and magic from potions.
Whenever you drink a healing potion, you attack all around you.


Message History

You feel as though you will be slow longer.
The hornet stings you.
You feel as though you will be slow longer.
Your foxfire dissipates!
The hornet is no longer more vulnerable to fire.
The hornet attacks as it pursues you! The hornet stings you.
You feel as though you will be slow longer.
The hornet stings you but does no damage.
The hornet stings you!
You feel as though you will be slow longer.
Casting: Foxfire (safe; 2% risk of failure)
Confirm with . or Enter, or press ? or * to list all spells.
You conjure some foxfire!
The hornet stings you!
You feel as though you will be slow longer.
The hornet stings you but does no damage.
The hornet closely misses you.
Casting: Foxfire (safe; 2% risk of failure)
Confirm with . or Enter, or press ? or * to list all spells.
Flames lash the hornet.
The hornet is moderately wounded.
The hornet's fire resistance burns away.
The foxfire hits the hornet but does no damage.
The hornet is moderately wounded.
The foxfire hits the hornet but does no damage.
The hornet is moderately wounded.
The hornet stings you!
You feel as though you will be slow longer.
The hornet stings you!
* * * LOW HITPOINT WARNING * * *
You are poisoned.
You feel as though you will be slow longer.
Okay, then.
As you read the scroll of summoning, it crumbles to dust.
Wisps of shadow whirl around you...
You feel very sick. The hornet stings you!
* * * LOW HITPOINT WARNING * * *
You feel as though you will be slow longer.
The hornet stings you!
You die...

#.#...#.#####.##
........# #.## ..#.....#
#.## ........# #...
##.##..#.# #.## #.....
..# #.## #... ...# #.##
######5###...#######...
#....ยง@yh..........>..#
#.####.###...########.#
####.####h.. ..# #.....
#.......##### ## #.##.#
#.##..#.# ##.##.#
#>##.#..### #.....#
#.#.......# ###..####
#.#.....#.# #........
#.......#.# #..<.....


You could see a hornet (combustible, ally target), a friendly howler monkey
(summoned), a friendly hound (summoned) and a friendly ufetubus (summoned).

Vanquished Creatures
  Sigmund (D:4)
  Eustachio (D:6)
  Menkaure (D:4)
  A water moccasin (D:5)
  A sky beast (D:4)
  An ice beast (D:6)
  An ogre (D:5)
  A centaur (D:6)
  A phantom (D:4)
  Blork the orc (D:4)
  A bullfrog (D:6)
  A scorpion (D:6)
  2 orc priests
  2 hounds
  A gnoll bouda (D:4)
  2 jellies
  A sleepcap (D:6)
  Jessica (D:3)
  2 iguanas
  4 orc wizards
  7 adders
  4 ufetubi
  2 adder skeletons (D:2)
  4 dart slugs
  2 ribbon worms
  18 orcs
  4 ball pythons
  2 bat skeletons (D:2)
  A bat zombie (D:2)
  5 endoplasms
  4 giant cockroaches
  12 goblins
  11 hobgoblins
  2 quokkas
  A ball python skeleton (D:2)
  A ball python zombie (D:2)
  11 bats
  2 frilled lizards (D:1)
  A giant cockroach zombie (D:2)
  11 kobolds
  A quokka zombie (D:2)
  6 rats
139 creatures vanquished.

Vanquished Creatures (collateral kills)
  A quokka (D:2)
  A kobold (D:2)
2 creatures vanquished.

Vanquished Creatures (others)
  430 foxfires
430 creatures vanquished.

Grand Total: 571 creatures vanquished

Notes
Turn   | Place    | Note
-------+----------+-------------------------------------------
     0 | D:1      | Schattenjager the Oni Fire Elementalist began the quest for
                  | the Orb.
     0 | D:1      | Reached XP level 1. HP: 16/16 MP: 3/3
   190 | D:1      | Reached XP level 2. HP: 24/24 MP: 2/5
   247 | D:1      | Reached skill level 1 in Conjurations
   386 | D:1      | Learned a level 2 spell: Scorch
   522 | D:1      | Reached XP level 3. HP: 31/31 MP: 0/7
   724 | D:2      | Reached skill level 3 in Spellcasting
   918 | D:2      | Reached XP level 4. HP: 39/39 MP: 6/8
  1624 | D:3      | Found a faded altar of an unknown god.
  1727 | D:3      | Learned a level 3 spell: Volatile Blastmotes
  1749 | D:3      | Noticed Jessica
  1760 | D:3      | Killed Jessica
  1761 | D:3      | Reached skill level 4 in Spellcasting
  1761 | D:3      | Reached XP level 5. HP: 45/45 MP: 0/11
  2353 | D:3      | Reached skill level 5 in Fire Magic
  2353 | D:3      | Reached XP level 6. HP: 43/53 MP: 2/12
  2684 | D:4      | Noticed Menkaure
  2690 | D:4      | Killed Menkaure
  2691 | D:4      | Reached XP level 7. HP: 40/71 MP: 5/13
  2743 | D:4      | Noticed Blork the orc
  2754 | D:4      | Killed Blork the orc
  2755 | D:4      | Reached skill level 1 in Translocations
  2979 | D:4      | Noticed Sigmund
  3050 | D:4      | Killed Sigmund
  3067 | D:4      | Reached XP level 8. HP: 47/79 MP: 1/14
  3283 | D:4      | Learned a level 3 spell: Inner Flame
  3319 | D:4      | Found Tuemnaeli's Book Shop.
  3451 | D:5      | Entered Level 5 of the Dungeon
  3451 | D:5      | Found Duecesm's Overcharged Wands.
  3557 | D:5      | Found a hazy altar of Hepliaklqana.
  3601 | D:5      | Reached skill level 1 in Hexes
  3960 | D:6      | Noticed Eustachio
  3972 | D:6      | Killed Eustachio
  4003 | D:6      | Found Ihuarph's Self-Published Books.
  4132 | D:6      | Found a radiant altar of Vehumet.
  4224 | D:6      | Reached skill level 5 in Spellcasting
  4436 | D:6      | Reached XP level 9. HP: 64/85 MP: 3/17
  4612 | D:6      | Reached skill level 6 in Spellcasting
  4647 | D:6      | Noticed a hornet
  4650 | D:6      | Paralysed by a hornet for 2 turns
  4657 | D:6      | Slain by a hornet

Illustrated notes

Levels and vault maps discovered:
D:1:      scummos_arrival_checkerplants, layout_rooms
D:2:      layout_basic, serial_undead, serial_undead_d, serial_undead_e,
          serial_undead_b, serial_undead_c, serial_undead_a, serial_undead_c,
          serial_undead_b, serial_undead_e, dreamdust_wishing_well,
          minmay_fractal_squares_5
D:3:      layout_loops_ring, dilly_ecumenical_altar_fadedgnrine,
          due_unseen_surprise, uniq_jessica
D:4:      minmay_chambers_of_fours, layout_loops_cross, serial_shops, shop,
          minmay_misc_feat_room, nrook_uturn, uniq_menkaure, uniq_sigmund,
          uniq_blork_the_orc
D:5:      layout_basic, worldfamousw_hep_ancestral_shrine,
          nicolae_shop_overcharged_wands
D:6:      layout_loops_cross, lemuel_crystal_altar, nicolae_vehumet_radiance,
          nicolae_custom_books, uniq_eustachio

Skill      XL: |  1  2  3  4  5  6  7  8  9 |
---------------+----------------------------+-----
Fire Magic     | 3 4 5 |  5.0
Conjurations   | 1 |  1.2
Spellcasting   | 3 4 5 6 |  6.3
Fighting       | 4 |  4.7
Translocations | 4 |  4.8
Hexes          | 4 |  4.9
Dodging        | |  1.8
Stealth        | |  1.4
Alchemy        | |  0.1

Action                     |  1- 3 |  4- 6 |  7- 9 || total
---------------------------+-------+-------+-------++-------
  Melee: Unarmed           |     7 |     4 |     5 ||    16
         Headbutt          |     2 |     1 |     4 ||     7
   Cast: Foxfire           |    62 |    89 |   101 ||   252
         Scorch            |     1 |     7 |    27 ||    35
         Volatile Blastmot |       |       |     2 ||     2
    Use: Potion            |     2 |       |     3 ||     5
         Scroll            |       |     7 |     5 ||    12
   Stab: Sleeping          |       |       |     1 ||     1
 Armour: Robe              |    44 |    94 |   113 ||   251
  Dodge: Dodged            |    56 |    52 |    55 ||   163
